 Dungeon Crawl Stone Soup version 0.32-a0-630-g46d191b0ed (webtiles) character file.

Game seed: 14206499598118125543

3035 zenocrate the Digger (level 9, -8/59 HPs)
             Began as an Octopode Earth Elementalist on Mar 6, 2024.
             Was an Initiate of Gozag.
             Mangled by a kobold brigand
             ... wielding a +0 short sword
              (10 damage)
             ... on level 10 of the Dungeon.
             The game lasted 00:11:08 (7961 turns).

zenocrate the Digger (Octopode Earth Elementalist)  Turns: 7961, Time: 00:11:09

Health: -8/59      AC:  1    Str: 14    XL:     9   Next: 86%
Magic:  1/17       EV: 14    Int: 21    God:    Gozag
Gold:   140        SH: 10    Dex: 12    Spells: 2/19 levels left

rFire   . . .        a - +2 short sword (elec)
rCold   + . .        g - +0 buckler
rNeg    . . .        (helmet restricted)
rPois   .            y - amulet of reflection
rElec   .            e - +6 ring of strength
rCorr   .            i - ring of wizardry
SInv    .            c - ring of protection from cold
Will    .....        (no ring)
Stlth   +++          (no ring)
HPRegen 0.29/turn    (no ring)
MPRegen 0.15/turn    (no ring)
                     (no ring)

%: reflection, wizardry (x1)
@: mighty
A: almost no armour, amphibious, 8 rings, camouflage 1, gelatinous body 1,
(nimble swimmer 1), tentacles
a: Renounce Religion, Potion Petition, Call Merchant, Bribe Branch


You were on level 10 of the Dungeon.
You worshipped Gozag.
Gozag was aware of your devotion.
You visited 2 branches of the dungeon, and saw 9 of its levels.
You also visited: Sewer.

You collected 410 gold pieces.
You spent 144 gold pieces at shops.
You paid 126 gold pieces to Gozag.

Inventory:

Hand Weapons
 a - a +2 short sword of electrocution (weapon)
 b - a +1 dagger of venom
 x - a +0 rapier
Missiles
 h - 6 darts of dispersal
 u - 17 poisoned darts
 w - a curare-tipped dart
Armour
 g - a +0 buckler (worn)
Jewellery
 c - a ring of protection from cold (on tentacle)
 e - a +6 ring of strength (left tentacle)
 i - a ring of wizardry (right tentacle)
 y - an amulet of reflection (around mantle)
 F - an amulet of faith
Talismans
 p - a maw talisman
 q - a flux talisman
 A - a storm talisman
Wands
 t - a wand of paralysis (2)
 B - a wand of flame (14)
Scrolls
 f - a scroll of teleportation
 j - a scroll of poison {unknown}
 m - 2 scrolls of fog {unknown}
 s - a scroll of immolation {unknown}
 v - a scroll of enchant armour {unknown}
 D - a scroll of amnesia {unknown}
 E - a scroll of blinking {unknown}
Potions
 d - 2 potions of magic
 l - a potion of might
 o - 2 potions of ambrosia
 r - 2 potions of resistance
 z - 2 potions of invisibility {unknown}
 C - a potion of cancellation {unknown}


   Skills:
 + Level 4.5 Fighting
 * Level 5.1 Dodging
 - Level 2.6 Stealth
 + Level 4.9 Shields
 - Level 0.2 Unarmed Combat
 + Level 5.7 Spellcasting
 + Level 5.9 Conjurations
 + Level 6.6 Earth Magic


You had 2 spell levels left.
You knew the following spells:

 Your Spells              Type           Power      Damage    Failure   Level
a - Stone Arrow           Conj/Erth      64%        3d11      1%          3
b - Sandblast             Erth           68%        2d15      1%          1
c - Brom's Barrelling Bo  Conj/Erth      32%        2d5       4%          4
m - Tukima's Dance        Hex            6%         N/A       16%         3
x - Blink                 Tloc           12%        N/A       9%          2
z - Passage of Golubria   Tloc           6%         N/A       45%         4

Your spell library contained the following spells:

 Spells                   Type           Power      Damage    Failure   Level
 Magic Dart               Conj           100%       1d8       1%          1
 Call Imp                 Summ           12%        N/A       9%          2
 Passwall                 Erth           34%        N/A       1%          3
 Petrify                  Alch/Erth      20%        N/A       13%         4
 Yara's Violent Unravell  Hex/Alch       3%         3d4       78%         5


Dungeon Overview and Level Annotations

Branches:
Dungeon (7/15)             Temple (1/1) D:6           Sewer (visited)

Altars:
Ashenzari
Cheibriados
Elyvilon
Fedhas
Gozag
Kikubaaqudgha
Nemelex Xobeh
Okawaru
Qazlal
Ru
Sif Muna
Trog
Uskayaw
Vehumet
Wu Jian
Yredelemnul
Zin
The Shining One

Shops:
D:4 [   D:5 *   D:6 (   D:10 !


Innate Abilities, Weirdness & Mutations

You cannot wear most types of armour.
You are amphibious.
You can wear up to eight rings at the same time.
Your skin changes colour to match your surroundings (Stealth+).
Your rubbery body absorbs attacks. (AC +1, EV +1)
((You are camouflaged when in or above water. (Stealth+)))
You have tentacles for arms and can constrict up to eight enemies at once.


Message History

Unknown command.
Casting: Blink (safe; 9% risk of failure)
Confirm with . or Enter, or press ? or * to list all spells.
You don't have enough magic to cast this spell.
Unknown command.
Unknown command.
Aiming: Paralyse
Press: ? - help, Shift-Dir - straight line, f - centaur warrior zombie
Aim: a centaur warrior zombie (moderately damaged, chance to affect: 54%)
The centaur warrior zombie suddenly stops moving!
Unknown command.
The helpless centaur warrior zombie fails to defend itself.
You puncture the centaur warrior zombie!
You squeeze the centaur warrior zombie!!
The centaur warrior zombie is severely damaged.
Unknown command.
The helpless centaur warrior zombie fails to defend itself.
You puncture the centaur warrior zombie!
You squeeze the centaur warrior zombie.
The centaur warrior zombie is severely damaged.
Unknown command.
The helpless centaur warrior zombie fails to defend itself.
You puncture the centaur warrior zombie!
The centaur warrior zombie is almost destroyed.
You feel ready to blink again.
Unknown command.
Aiming: Paralyse
Press: ? - help, Shift-Dir - straight line, f - kobold brigand, p - centaur warrior zombie
Aim: a kobold brigand, wielding a +0 short sword, wearing a +0 robe and quivering curare-tipped darts (chance to affect: 49%)
The kobold brigand resists with some effort.
The kobold brigand hits you with a +0 short sword.
* * * LOW HITPOINT WARNING * * *
The black bear shakes off its lethargy.
The black bear goes berserk!
Aiming: Paralyse
Press: ? - help, Shift-Dir - straight line, f/p - kobold brigand
Aim: a kobold brigand, wielding a +0 short sword, wearing a +0 robe and quivering curare-tipped darts (chance to affect: 49%)
The kobold brigand resists with some effort.
The kobold brigand hits you with a +0 short sword!
You die...
Your body crumbles into a pile of gold.

#.......∩.......
###..............
#.................###
##....##..............
#.$.K.................
###.h.$...............
###hZ....#..#......ß
##Z...#####.#.....
#@K....###$......#
#.....###.Z.##..##
###..####..#.....#
##..............
##...####...#.. ##.##
####### ###


You could see a kobold brigand and 2 centaur warrior zombies.

Vanquished Creatures
  A centaur zombie (D:10)
  A meliai zombie (D:10)
  A steam dragon (D:6)
  Menkaure (D:4)
  Edmund (D:5)
  A water moccasin (D:5)
  Duvessa (D:4)
  4 black bears
  An ogre (D:3)
  2 centaurs
  A phantom (D:6)
  4 kobold brigands (Sewer)
  A bullfrog (D:10)
  2 scorpions
  Dowan (D:4)
  2 bombardier beetles
  4 orc priests
  A hound (D:5)
  5 orc wizards
  Terence (D:2)
  2 iguanas (D:4)
  A howler monkey zombie (D:10)
  Robin (D:2)
  3 gnolls (D:2)
  10 adders
  3 shadow imps (D:5)
  3 white imps (D:5)
  6 ufetubi
  6 ribbon worms
  4 dart slugs
  25 orcs
  10 ball pythons
  8 endoplasms
  3 giant cockroaches
  14 goblins
  10 hobgoblins
  3 jackals (D:1)
  3 quokkas
  3 bats
  5 frilled lizards
  13 kobolds
  10 rats
182 creatures vanquished.

Notes
Turn   | Place    | Note
-------+----------+-------------------------------------------
     0 | D:1      | zenocrate the Octopode Earth Elementalist began the quest
                  | for the Orb.
     0 | D:1      | Reached XP level 1. HP: 11/11 MP: 3/3
   264 | D:1      | Reached XP level 2. HP: 17/17 MP: 3/5
   659 | D:1      | Reached XP level 3. HP: 21/21 MP: 6/6
   663 | D:1      | Learned a level 3 spell: Stone Arrow
  1124 | D:2      | Reached XP level 4. HP: 6/27 MP: 0/8
  1227 | D:2      | Noticed Robin
  1242 | D:2      | Reached skill level 1 in Shields
  1244 | D:2      | Killed Robin
  1507 | D:2      | Noticed Terence
  1517 | D:2      | Killed Terence
  1518 | D:2      | Reached XP level 5. HP: 31/31 MP: 1/9
  1870 | D:2      | Learned a level 4 spell: Brom's Barrelling Boulder
  1902 | D:3      | Reached skill level 4 in Earth Magic
  2331 | D:3      | Reached XP level 6. HP: 36/36 MP: 6/11
  2805 | D:4      | Noticed Menkaure
  2808 | D:4      | Killed Menkaure
  2809 | D:4      | Reached XP level 7. HP: 41/41 MP: 8/12
  3081 | D:4      | Found Ygulez's Antique Armour Boutique.
  3348 | D:4      | Reached skill level 5 in Earth Magic
  3407 | D:4      | Noticed Duvessa
  3408 | D:4      | Noticed Dowan
  3412 | D:4      | Killed Duvessa
  3421 | D:4      | Killed Dowan
  3422 | D:4      | Reached skill level 1 in Fighting
  3775 | D:4      | Reached XP level 8. HP: 43/47 MP: 1/14
  3996 | D:4      | Learned a level 3 spell: Tukima's Dance
  4001 | D:4      | Learned a level 4 spell: Passage of Golubria
  4032 | D:5      | Entered Level 5 of the Dungeon
  4046 | D:5      | Found a glowing drain.
  4050 | Sewer    | Entered a sewer
  5095 | D:5      | Found a broken altar of Ashenzari.
  5125 | D:5      | Found a sacrificial altar of Ru.
  5126 | D:5      | Noticed Edmund
  5134 | D:5      | Killed Edmund
  5135 | D:5      | Reached skill level 5 in Spellcasting
  5135 | D:5      | Reached skill level 5 in Conjurations
  5589 | D:5      | Reached skill level 6 in Earth Magic
  5589 | D:5      | Reached XP level 9. HP: 44/57 MP: 6/16
  5958 | D:5      | Found an ornate altar of the Wu Jian Council.
  5999 | D:5      | Found Vuugitug's General Store.
  6003 | D:5      | Bought a potion of curing for 36 gold pieces
  6003 | D:5      | Bought 2 scrolls of teleportation for 72 gold pieces
  6003 | D:5      | Bought a potion of curing for 36 gold pieces
  6443 | D:6      | Learned a level 2 spell: Blink
  6786 | D:6      | Found a glowing silver altar of Zin.
  6786 | D:6      | Found a white marble altar of Elyvilon.
  6807 | D:6      | Found Tunul's Weapon Boutique.
  7098 | D:6      | Found a staircase to the Ecumenical Temple.
  7658 | Temple   | Entered the Ecumenical Temple
  7674 | Temple   | Became a worshipper of Gozag Ym Sagoz the Greedy
  7712 | D:7      | You fall into a shaft and drop 3 floors!
  7712 | D:10     | Entered Level 10 of the Dungeon
  7712 | D:10     | Found Ceim Cum's Distillery.
  7716 | D:10     | Noticed a centaur warrior
  7864 | D:10     | HP: 2/59 [acid dragon (8)]
  7947 | D:10     | Reached skill level 5 in Dodging
  7950 | D:10     | HP: 1/59 [black bear (2)]
  7960 | D:10     | HP: 2/59 [kobold brigand/+0 short sword (2)]
  7961 | D:10     | Mangled by a kobold brigand

Illustrated notes

Levels and vault maps discovered:
D:1:      dpeg_arrival_connections, layout_loops_corners
D:2:      layout_basic, uniq_terence, uniq_robin
D:3:      minmay_angry_zag, layout_loops_ring
D:4:      cheibrodos_pilgrimage, layout_basic, serial_shops, shop, uniq_duvessa,
          uniq_menkaure
D:5:      layout_loops_ring, mainiacjoe_overflow_catwalk,
          pdpol_wu_jian_five_deadly_venoms, mainiacjoe_overflow_brackets,
          gup_sewer_entry_bowl, serial_demonic, serial_demonic_f,
          serial_demonic_f, serial_demonic_c, serial_demonic_d, serial_shops,
          nicolae_shop_pleasant_corner_grove, uniq_edmund
D:6:      layout_layer_cave, gammafunk_temple_overflow_wave,
          minmay_temple_entry_mini_moons, serial_shops, nicolae_shop_trees
D:7:      layout_loops_cross
D:10:     layout_cave_pools, mainiacjoe_overflow_chevrons,
          due_lair_maze_entry_diamond, serial_undead, serial_undead_e,
          serial_undead_c, serial_undead_c, serial_undead_b, serial_undead_a,
          serial_undead_a, serial_undead_c, serial_undead_a, serial_shops, shop,
          uniq_harold, uniq_fannar
Temple:   compressed_dpeg_triangle_lava_temple

Skill      XL: |  1  2  3  4  5  6  7  8  9 |
---------------+----------------------------+-----
Conjurations   | 2 3 4 5 |  5.9
Shields        | 1 2 3 4 |  4.9
Spellcasting   | 3 4 5 |  5.7
Earth Magic    | 4 5 6 |  6.6
Fighting       | 1 3 4 |  4.5
Dodging        | 3 5 |  5.1
Stealth        | |  2.6
Unarmed Combat | |  0.2

Action                     |  1- 3 |  4- 6 |  7- 9 || total
---------------------------+-------+-------+-------++-------
  Melee: Rapier            |    17 |    51 |    27 ||    95
         Short sword       |     4 |       |    36 ||    40
         Constrict         |     4 |    18 |    34 ||    56
         Tentacles         |     3 |    12 |    27 ||    42
         Dagger            |       |       |    51 ||    51
   Cast: Sandblast         |    24 |    31 |       ||    55
         Stone Arrow       |       |     9 |   104 ||   113
         Blink             |       |       |     1 ||     1
  Evoke: Wand              |       |       |     4 ||     4
    Use: Scroll            |       |     1 |    13 ||    14
         Potion            |       |       |     9 ||     9
   Stab: Sleeping          |     8 |     6 |    17 ||    31
         Paralysed         |       |       |     3 ||     3
 Armour: Skin              |     7 |    24 |   109 ||   140
  Dodge: Dodged            |     8 |    40 |    76 ||   124
  Block: Buckler           |       |     5 |    54 ||    59
         Reflection        |       |       |     3 ||     3

Table legend: (Time is in decaauts)
 A = Elapsed time spent in this place.
 B = Non-inter-level travel time spent in this place.
 C = Inter-level travel time spent in this place.
 D = Time resting spent in this place.
 E = Time spent auto-exploring this place.
 F = Levels seen in this place.
 G = Mean time per level.
                   A        B        C        D        E       F      G
               +--------+--------+--------+--------+--------+-----+--------+
         Total |   8009 |   7838 |    171 |    101 |   6480 |  10 |  800.9 |
       Dungeon |   7063 |   6907 |    156 |    101 |   5787 |   8 |  882.9 |
        Temple |     32 |     17 |     15 |      0 |      0 |   1 |   32.0 |
         Sewer |    913 |    913 |      0 |      0 |    693 |   1 |  913.0 |
               +--------+--------+--------+--------+--------+-----+--------+

Top non-repeatable levels by time:
     D:6: 1511 daAuts
     D:4: 1233 daAuts
     D:5: 1226 daAuts
     D:1: 1001 daAuts
     D:3: 935 daAuts
   Sewer: 913 daAuts
     D:2: 905 daAuts
    D:10: 249 daAuts
  Temple: 32 daAuts
